 Dungeon Crawl Stone Soup version 0.30.1-1-g62c8e00024 (webtiles) character file.

Game seed: 15262957369529818386

10014 monsoonserge the Blocker (level 11, -6/97 HPs)
             Began as a Minotaur Fighter on July 16, 2023.
             Was an Elder of Elyvilon.
             Mangled by Snorg (16 damage)
             ... on level 11 of the Dungeon.
             The game lasted 00:27:02 (9907 turns).

monsoonserge the Blocker (Minotaur Fighter)         Turns: 9907, Time: 00:27:04

Health: -6/97      AC: 11    Str: 24    XL:     11   Next: 30%
Magic:  15/15      EV: 11    Int:  5    God:    Elyvilon [****..]
Gold:   719        SH: 20    Dex: 22    Spells: 10/10 levels left

rFire   . . .        s - +2 flail (holy)
rCold   . . .        r - +0 tower shield
rNeg    . . .        E - +0 acid dragon scales
rPois   .            (helmet restricted)
rElec   .            l - +0 cloak
rCorr   +            (no gloves)
SInv    +            y - +0 pair of boots
Will    .....        (no amulet)
Stlth   ++           D - +6 ring of dexterity
HPRegen 0.36/turn    C - ring "Ozouj" {Dex+5 SInv}
MPRegen 0.14/turn

%: no passive effects
@: no status effects
A: horns 2, retaliatory headbutt
a: Renounce Religion, Purification, Heal Other, Heal Self


You were on level 11 of the Dungeon.
You worshipped Elyvilon.
Elyvilon was greatly pleased with you.
You visited 2 branches of the dungeon, and saw 12 of its levels.
You also visited: Bailey.

You collected 719 gold pieces.

Inventory:

Hand Weapons
 a - a +0 war axe
 s - a +2 flail of holy wrath (weapon)
 K - a +0 longbow
Missiles
 o - 14 poisoned darts (quivered)
 B - 2 boomerangs
Armour
 c - a +0 buckler
 l - a +0 cloak (worn)
 r - a +0 tower shield (worn)
 y - a +0 pair of boots (worn)
 E - +0 acid dragon scales (worn)
 G - a +0 plate armour
Jewellery
 t - a ring of resist corrosion
 C - the ring "Ozouj" (right hand) {Dex+5 SInv}
   (You found it on level 7 of the Dungeon)

   [ring of see invisible]

   Dex:       It affects your dexterity (+5).
   SInv:      It lets you see invisible.
 D - a +6 ring of dexterity (left hand)
Wands
 b - a wand of charming (11)
 A - a wand of mindburst (3)
 H - a wand of iceblast (10)
 I - a wand of flame (12)
Scrolls
 f - 4 scrolls of blinking {unknown}
 h - 2 scrolls of enchant weapon {unknown}
 j - 11 scrolls of identify {unknown}
 k - 2 scrolls of silence {unknown}
 n - 3 scrolls of summoning
 p - 4 scrolls of poison {unknown}
 q - 2 scrolls of magic mapping {unknown}
 v - 2 scrolls of enchant armour {unknown}
 x - 3 scrolls of teleportation {unknown}
 F - a scroll of immolation {unknown}
Potions
 d - a potion of might
 e - 4 potions of attraction {unknown}
 g - 3 potions of heal wounds
 i - 6 potions of curing
 m - 2 potions of lignification {unknown}
 u - 4 potions of haste
 w - 3 potions of brilliance {unknown}
 z - a potion of magic {unknown}
 J - a potion of invisibility {unknown}
 L - a potion of flight {unknown}


   Skills:
 + Level 9.6 Fighting
 - Level 4.0(5.7) Axes
 - Level 6.4(7.0) Maces & Flails
 + Level 0.8 Throwing
 + Level 8.9 Armour
 - Level 3.0 Dodging
 - Level 2.0 Stealth
 + Level 12.7 Shields
 + Level 7.7 Invocations
 + Level 0.2 Evocations


You had 10 spell levels left.
You didn't know any spells.
Your spell library contained the following spells:

 Spells                   Type           Power      Damage    Failure   Level
 Summon Small Mammal      Summ           0%         N/A       88%         1
 Sublimation of Blood     Necr           0%         N/A       95%         2
 Call Canine Familiar     Summ           0%         N/A       99%         3
 Dazzling Flash           Conj/Hex       0%         N/A       99%         3
 Frozen Ramparts          Ice            0%         1d1       99%         3
 Ignite Poison            Fire/Tmut/Pois 0%         N/A       99%         3
 Ozocubu's Armour         Ice            0%         N/A       99%         3
 Portal Projectile        Hex/Tloc       0%         N/A       99%         3
 Stone Arrow              Conj/Erth      0%         3d7       99%         3
 Summon Guardian Golem    Hex/Summ       0%         N/A       99%         3
 Vhi's Electric Charge    Tloc/Air       0%         N/A       99%         3
 Animate Armour           Summ/Erth      0%         N/A       100%        4
 Ice Form                 Ice/Tmut       0%         N/A       100%        4
 Leda's Liquefaction      Hex/Erth       0%         N/A       100%        4
 Petrify                  Tmut/Erth      0%         N/A       100%        4
 Sticky Flame             Conj/Fire      0%         2d3       100%        4
 Summon Ice Beast         Ice/Summ       0%         N/A       100%        4
 Agony                    Necr           0%         N/A       100%        5
 Arcjolt                  Conj/Air       0%         1d10      100%        5
 Irradiate                Conj/Tmut      0%         3d11      100%        5
 Silence                  Hex/Air        0%         N/A       100%        5
 Plasma Beam              Fire/Air       0%         2x1d11    100%        6
 Ozocubu's Refrigeration  Ice            0%         4d7       100%        7
 Ignition                 Fire           0%         3d3       100%        8
 Lehudib's Crystal Spear  Conj/Erth      0%         10d2      100%        8


Dungeon Overview and Level Annotations

Branches:
Dungeon (11/15)            Temple (1/1) D:6            Lair (0/5) D:10
    Orc (0/2) D:11         Bailey (visited)

Altars:
Elyvilon
Gozag
Hepliaklqana
Makhleb
Vehumet
Xom

Annotations:
D:10 3 runed translucent doors, Staticcus's ghost, journeyman DsGl
D:11 Snorg


Innate Abilities, Weirdness & Mutations

You have a pair of horns on your head.
You reflexively headbutt those who attack you in melee.


Message History

An orc zombie comes into view.
You bludgeon the orc zombie!!
You destroy the orc zombie!
An orc zombie comes into view.
An ogre zombie comes into view.
Snorg pats her sizable gut.
You block Snorg's attack. Snorg claws you but does no damage.
You block Snorg's attack.
You thump Snorg! You headbutt Snorg.
Snorg is lightly wounded.
You block Snorg's attack. Snorg claws you but does no damage.
You block Snorg's attack.
You hit Snorg.
Snorg is moderately wounded.
You block Snorg's attack. Snorg claws you. You block Snorg's attack.
You barely miss Snorg.
Snorg is lightly wounded.
You block Snorg's attack. Snorg barely misses you. You block Snorg's attack.
An ogre zombie comes into view.
You sock Snorg! Your headbutt misses Snorg.
Snorg is moderately wounded.
You block Snorg's attack. Snorg claws you! Snorg claws you.
Snorg goes berserk!
You thump Snorg!
Snorg is moderately wounded.
You block Snorg's attack. Snorg claws you. You block Snorg's attack.
Snorg bites you! You block Snorg's attack. x2
You closely miss Snorg. Your headbutt misses Snorg.
Snorg is moderately wounded.
You block Snorg's attack. Snorg closely misses you. Snorg barely misses you.
You thump Snorg!
Snorg is heavily wounded.
Snorg bites you but does no damage. You block Snorg's attack.
Snorg claws you but does no damage. You block Snorg's attack. Snorg claws you!
Snorg claws you.
You barely miss Snorg. You headbutt Snorg!
Snorg is heavily wounded.
Snorg bites you but does no damage. You block Snorg's attack. x2
Snorg bites you!!
* * * LOW HITPOINT WARNING * * *
Snorg claws you!
You die...

#..###...#.#
#.#.#..###.# Z..8
#.##.#.# #.# Z..Z
#.##.#.# #.# .....
#.##.#.# #.# .....
#.##.#.# #[# .ZZ...
#.##.#.###.# #ZZZ...
#.##....##.#####oZ8ZZ.>
#.............@ToZZZZZ.
####....#########ZZZZ..
#.#### .Z... #.# ....
#.# ..Z #.#############
.8 #.............# .
###############


You could see Snorg (berserk), 2 orcs, 8 orc zombies, 4 ogre zombies, 2 troll
zombies, a hobgoblin skeleton and 3 orc skeletons.

Vanquished Creatures
  2 two-headed ogres
  Maggie (D:8)
  An unseen horror (D:10)
  3 trolls
  Grinder (D:6)
  3 wyverns
  5 spriggans (Bailey)
  4 yaks (D:10)
  An acid dragon (D:10)
  4 water moccasins
  5 ice beasts
  A black bear (D:10)
  3 sky beasts
  4 orc warriors
  7 ogres
  3 wolves (D:10)
  3 centaurs
  3 phantoms (D:11)
  9 bullfrogs
  2 scorpions
  10 wights
  A killer bee (D:8)
  A howler monkey (D:5)
  2 hounds (D:5)
  2 jellies
  3 orc priests
  2 gnoll boudas
  2 sleepcaps
  9 orc wizards
  3 iguanas
  An ogre zombie (D:11)
  11 gnolls
  11 adders
  A shadow imp (D:6)
  3 ufetubi
  3 worms
  2 dart slugs
  21 orcs
  5 endoplasms
  5 giant cockroaches
  8 goblins
  6 hobgoblins
  4 kobolds
  3 quokkas
  2 ball pythons
  4 bats
  6 frilled lizards
  2 goblin zombies (D:11)
  A hobgoblin zombie (D:11)
  An orc skeleton (D:11)
  3 orc zombies (D:11)
  6 rats
209 creatures vanquished.

Vanquished Creatures (others)
  A steam dragon (Bailey)
  A black bear (D:10)
  3 ogres (Bailey)
  A hound (D:6)
6 creatures vanquished.

Grand Total: 215 creatures vanquished

Notes
Turn   | Place    | Note
-------+----------+-------------------------------------------
     0 | D:1      | monsoonserge the Minotaur Fighter began the quest for the
                  | Orb.
     0 | D:1      | Reached XP level 1. HP: 19/19 MP: 0/0
   209 | D:1      | Reached XP level 2. HP: 23/27 MP: 1/1
   660 | D:2      | Reached XP level 3. HP: 22/33 MP: 2/2
   670 | D:2      | Reached skill level 4 in Shields
   868 | D:2      | Found a shimmering altar of Xom.
   875 | D:2      | Found a faded altar of an unknown god.
   892 | D:2      | Prayed at the altar of an unknown god.
   892 | D:2      | Became a worshipper of Elyvilon the Healer
   892 | D:2      | Reached * piety under Elyvilon
  1133 | D:2      | Reached XP level 4. HP: 41/41 MP: 3/3
  1219 | D:3      | Reached skill level 1 in Invocations
  1307 | D:3      | Reached ** piety under Elyvilon
  1465 | D:3      | Reached XP level 5. HP: 47/47 MP: 3/5
  1488 | D:3      | Found a radiant altar of Vehumet.
  1492 | D:3      | Found an opulent altar of Gozag.
  1717 | D:3      | Found a burning altar of Makhleb.
  2036 | D:5      | Entered Level 5 of the Dungeon
  2036 | D:5      | Reached *** piety under Elyvilon
  2174 | D:5      | Reached skill level 1 in Dodging
  2174 | D:5      | Noticed an ice beast
  2199 | D:4      | Reached skill level 5 in Armour
  2398 | D:4      | Reached XP level 6. HP: 55/55 MP: 6/6
  2822 | D:4      | Found a hazy altar of Hepliaklqana.
  2933 | D:5      | Reached **** piety under Elyvilon
  3018 | D:5      | Killed an ice beast
  3019 | D:5      | Reached skill level 1 in Maces & Flails
  3019 | D:5      | Reached skill level 5 in Shields
  3656 | D:6      | Noticed Grinder
  3658 | D:6      | Killed Grinder
  3659 | D:6      | Reached skill level 5 in Fighting
  3659 | D:6      | Reached XP level 7. HP: 53/61 MP: 6/8
  3707 | D:6      | Found a staircase to the Ecumenical Temple.
  4023 | D:6      | Reached ***** piety under Elyvilon
  4056 | D:6      | Reached skill level 1 in Stealth
  4063 | D:6      | Reached XP level 8. HP: 18/68 MP: 7/10
  5161 | Temple   | Entered the Ecumenical Temple
  5190 | D:7      | Reached skill level 6 in Shields
  5337 | D:7      | Identified the ring "Ozouj" {Dex+5 SInv}
  5384 | D:7      | Reached skill level 5 in Maces & Flails
  5394 | D:7      | Reached skill level 5 in Invocations
  5637 | D:7      | Reached skill level 7 in Shields
  5637 | D:7      | Reached XP level 9. HP: 71/75 MP: 12/12
  5963 | D:8      | Noticed Maggie
  5979 | D:8      | Killed Maggie
  5980 | D:8      | Reached skill level 8 in Shields
  6298 | D:8      | Found a flagged portal.
  6362 | Bailey   | Entered a bailey
  6524 | Bailey   | Reached skill level 9 in Shields
  6611 | Bailey   | Reached XP level 10. HP: 81/86 MP: 7/14
  6769 | Bailey   | Noticed a two-headed ogre
  6797 | Bailey   | Killed a two-headed ogre
  7099 | D:8      | Reached skill level 10 in Shields
  7551 | D:9      | Identified the amulet "Ynlaq" {Faith rF- rCorr Dex+4}
  7645 | D:9      | Found a transporter.
  8646 | D:9      | Reached skill level 11 in Shields
  8808 | D:10     | Entered Level 10 of the Dungeon
  8976 | D:10     | Found a runed translucent gate.
  8977 | D:10     | Found a runed translucent gate.
  8978 | D:10     | Found a runed translucent gate.
  8981 | D:10     | Found an opulent altar of Gozag.
  8981 | D:10     | Noticed Staticcus's ghost (journeyman DsGl)
  9007 | D:10     | Reached XP level 11. HP: 43/95 MP: 15/15
  9229 | D:10     | Noticed a two-headed ogre
  9241 | D:10     | Killed a two-headed ogre
  9242 | D:10     | Reached skill level 12 in Shields
  9375 | D:10     | Found a staircase to the Lair.
  9861 | D:11     | Found a staircase to the Orcish Mines.
  9889 | D:11     | Noticed Snorg
  9907 | D:11     | Mangled by Snorg

Illustrated notes

Levels and vault maps discovered:
D:1:      tarquinn_simple_flora_water_f, layout_loops_cross
D:2:      layout_basic, basic_altar, ebering_ecumenical_altar_petrified,
          kennysheep_potato
D:3:      layout_basic, mainiacjoe_overflow_catch_the_wave,
          mainiacjoe_overflow_alcove_1
D:4:      layout_loops_corners, nzn_hepliaklqana_mist_gate,
          minmay_misc_feat_four_crosses
D:5:      layout_basic
D:6:      layout_layer_cave, minmay_temple_entry_purple_smoke, uniq_grinder
D:7:      layout_basic, kennysheep_opposing_triangles
D:8:      layout_cave_pools, enter_bailey_7, chequers_decorated_corner,
          minmay_diced_spiral, uniq_maggie
D:9:      layout_layer_cave, hangedman_abyss_or_decor_stagger,
          nicolae_diode_basic
D:10:     layout_gridville, minmay_lair_entry_grove, ebering_ghost_gozag
D:11:     layout_loops_ring, zombieorc2_lemuel, lemuel_nasty_fountain,
          uniq_snorg, uniq_erica
Temple:   hc_temple_tempest_star

Skill      XL: |  1  2  3  4  5  6  7  8  9 10 11 |
---------------+----------------------------------+-----
Fighting       | 4 5 6 7 8 9 |  9.6
Armour         | 4 5 6 7 8 |  8.9
Axes           | 3 4 |  4.0
Shields        | 4 5 7 9 11 12 | 12.7
Invocations    | 1 2 3 4 5 6 7 |  7.7
Dodging        | 1 2 3 |  3.0
Maces & Flails | 2 4 5 6 |  6.4
Stealth        | 1 2 |  2.0
Throwing       | |  0.8
Evocations     | |  0.2

Action                     |  1- 3 |  4- 6 |  7- 9 | 10-12 || total
---------------------------+-------+-------+-------+-------++-------
  Melee: War axe           |    75 |    37 |       |       ||   112
         Headbutt          |    12 |    22 |    55 |    57 ||   146
         Flail             |       |    68 |   255 |   258 ||   581
  Throw: Boomerang         |       |       |     1 |       ||     1
         Dart              |       |       |       |     8 ||     8
 Invoke: Heal Other        |       |       |     6 |     6 ||    12
         Heal Self         |       |       |     5 |     3 ||     8
  Evoke: Wand              |       |       |     2 |       ||     2
    Use: Potion            |       |       |     2 |       ||     2
 Armour: Scale mail        |    32 |    44 |    65 |       ||   141
         Acid dragon scale |       |       |    33 |    71 ||   104
  Dodge: Dodged            |    24 |    39 |   107 |    98 ||   268
  Block: Buckler           |    13 |    11 |       |       ||    24
         Tower shield      |       |    77 |   267 |   297 ||   641
